 Dungeon Crawl Stone Soup version 0.22.0-6-g71bd7aa6b3 (webtiles) character file.

434 Htamos the Digger (level 6, 0/48 HPs)
             Began as a Centaur Earth Elementalist on Aug 14, 2018.
             Slain by an orc wizard
             ... wielding a +0 dagger
              (2 damage)
             ... on level 4 of the Dungeon.
             The game lasted 00:17:01 (6313 turns).

Htamos the Digger (Centaur Earth Elementalist)      Turns: 6313, Time: 00:17:02

Health: 0/48       AC:  4    Str: 11    XL:     6   Next: 68%
Magic:  3/9        EV: 10    Int: 16    God:
Gold:   140        SH:  0    Dex:  9    Spells: 4/10 levels left

rFire    . . .     SeeInvis .   u - +0 halberd
rCold    . . .     Gourm    .   (shield currently unavailable)
rNeg     . . .     Faith    .   m - +0 robe
rPois    .         Spirit   .   (no helmet)
rElec    .         Reflect  .   (no cloak)
rCorr    .         Harm     .   (no gloves)
MR       .....                  (no barding)
Stlth    +.........             (no amulet)
HPRegen  0.16/turn              (no ring)
MPRegen  0.11/turn              (no ring)

@: very slightly contaminated, slowed
A: large, hooves 3, deformed body, speed 2, tough skin 3
a: no special abilities


You were on level 4 of the Dungeon.
You were near starving.

You visited 1 branch of the dungeon, and saw 4 of its levels.

You collected 140 gold pieces.

Inventory:

Hand Weapons
 a - a +0 dagger
 l - a +0 spear
 n - a +3 whip
 r - a +0 short sword
 u - a +0 halberd (weapon)
Missiles
 b - 41 stones (quivered)
 e - 15 poisoned needles
Armour
 c - a +0 robe
 f - a +0 ring mail
 m - a +0 robe (worn)
 x - a +0 robe
Jewellery
 i - an uncursed ring of wizardry {unknown}
 k - an uncursed ring of protection from magic {unknown}
 v - an uncursed ring of protection from cold {unknown}
 y - an uncursed ring of protection from cold {unknown}
Wands
 A - a wand of clouds (7)
Scrolls
 h - 5 scrolls of remove curse {unknown}
 j - 4 scrolls of identify {unknown}
 p - a scroll of enchant weapon {unknown}
 q - a scroll of enchant armour {unknown}
 w - 3 scrolls of teleportation {unknown}
 E - a scroll of random uselessness {unknown}
Potions
 g - a potion of might {unknown}
 o - a potion of lignification {unknown}
 s - 3 potions of haste
 t - a potion of flight {unknown}
 z - a potion of heal wounds {unknown}
 B - a potion of mutation {unknown}
 C - a potion of invisibility {unknown}
 D - a potion of resistance {unknown}
Comestibles
 d - 3 rations


   Skills:
 + Level 2.0 Fighting
 + Level 2.5 Dodging
 + Level 2.1 Stealth
 + Level 2.6 Spellcasting
 - Level 0.8 Transmutations
 * Level 4.7 Earth Magic


You had 4 spell levels left.
You knew the following spells:

 Your Spells              Type           Power        Failure   Level  Hunger
a - Sandblast             Erth           ###...       2%          1    #......
b - Stone Arrow           Conj/Erth      #.....       22%         3    ###....
c - Passwall              Tmut/Erth      ##......     10%         2    ##.....

Your spell library contained the following spells:

 Spells                   Type           Power        Failure   Level  Hunger
 Lee's Rapid Deconstruct  Erth           ###.......   61%         5    ######.
 Petrify                  Tmut/Erth      ##......     52%         4    #####..


Dungeon Overview and Level Annotations

Branches:
Dungeon (4/15)
 Temple: D:4-7

Altars:


Innate Abilities, Weirdness & Mutations

You have hooves in place of feet.
Armour fits poorly on your strangely shaped body.
You cover ground very quickly.
You have extremely tough skin. (AC +3)


Message History

The orc wizard barely misses you.
You closely miss the orc wizard.
The orc wizard is almost dead.
The orc wizard hits you with a dagger.
* * * LOW HITPOINT WARNING * * *
The orc wizard points at you and mumbles some strange words.
You feel yourself slow down.
The orc wizard gestures at you while chanting.
The magic dart hits you!
* * * LOW HITPOINT WARNING * * *
Attack whom?
Press: ? - help, Dir - move target cursor, f/p - orc wizard
Aim: an orc wizard, wielding a dagger and wearing a robe (almost dead, fast)
You closely miss the orc wizard.
The orc wizard is almost dead.
The orc wizard gestures at you while chanting.
The magic dart hits you!
* * * LOW HITPOINT WARNING * * *
The orc wizard hits you with a dagger.
You die...

###..##
##.........##
##..###.........##
##..##........##
###..........#
##........##
#.......##
##......##
#.....o.#
####.@..##
##..#..##
##..###..# ##..##
#..## ##..## ##..#
#..## ##.## ##.##
#..## ##..# ##.o#
##..##
#..#########


You could see an orc wizard.

Vanquished Creatures
  A phantom (D:4)
  A big kobold (D:3)
  2 orc wizards (D:4)
  A worker ant (D:4)
  4 adders (D:2)
  3 gnolls (D:2)
  A howler monkey skeleton (D:4)
  2 shadow imps (D:4)
  2 oozes
  3 worms
  3 dart slugs
  2 leopard geckos
  6 orcs
  5 giant cockroaches
  6 goblins
  11 hobgoblins
  7 jackals
  2 quokkas
  A ball python (D:3)
  6 bats
  11 frilled lizards
  A jackal skeleton (D:4)
  4 kobolds
  5 rats
90 creatures vanquished.

Notes
Turn   | Place    | Note
-------+----------+-------------------------------------------
     0 | D:1      | Htamos the Centaur Earth Elementalist began the quest for the Orb.
     0 | D:1      | Reached XP level 1. HP: 14/14 MP: 3/3
   341 | D:1      | Reached XP level 2. HP: 14/20 MP: 4/4
   556 | D:1      | Reached skill level 3 in Earth Magic
  1255 | D:2      | Reached XP level 3. HP: 19/26 MP: 5/5
  2308 | D:2      | Reached XP level 4. HP: 32/33 MP: 7/7
  2368 | D:2      | Learned a level 3 spell: Stone Arrow
  3365 | D:3      | Noticed a big kobold
  3731 | D:2      | Reached XP level 5. HP: 18/39 MP: 8/8
  3949 | D:2      | Reached skill level 1 in Fighting
  3949 | D:2      | Reached skill level 4 in Earth Magic
  3976 | D:2      | HP: 2/40 [poisoned by an adder]
  3984 | D:2      | HP: 1/40 [poisoned by an adder]
  4965 | D:3      | Learned a level 2 spell: Passwall
  5065 | D:4      | Noticed a phantom
  5281 | D:4      | Killed a phantom
  5281 | D:4      | Reached XP level 6. HP: 13/48 MP: 2/9
  6313 | D:4      | HP: 2/48 [orc wizard/magic dart (8)]
  6313 | D:4      | Slain by an orc wizard

Skill      XL: |  1  2  3  4  5  6 |
---------------+-------------------+-----
Earth Magic    | 3 4 |  4.7
Spellcasting   | 2 |  2.6
Dodging        | 2 |  2.5
Fighting       | 1 2 |  2.0
Stealth        | 2 |  2.1
Transmutations | |  0.8

Action                   |  1- 3 |  4- 6 || total
-------------------------+-------+-------++-------
Melee: Dagger            |   137 |       ||   137
       Unarmed           |     4 |       ||     4
       Kick              |    20 |    23 ||    43
       Whip              |    22 |    75 ||    97
       Halberd           |       |   118 ||   118
 Cast: Sandblast         |    20 |    27 ||    47
       Stone Arrow       |       |    10 ||    10
 Stab: Sleeping          |     1 |     1 ||     2
  Eat: Chunk             |     4 |     5 ||     9
       Ration            |       |     2 ||     2
Armor: Robe              |    56 |    48 ||   104
Dodge: Dodged            |   110 |    89 ||   199
